 Dungeon Crawl Stone Soup version 0.19.5 (webtiles) character file.

688 snowfan the Magician (level 7, -9/36 HPs)
             Began as a Deep Elf Conjurer on Apr 9, 2017.
             Mangled by an ice beast (14 damage)
             ... on level 6 of the Dungeon on Apr 10, 2017.
             The game lasted 00:23:05 (4660 turns).

snowfan the Magician (Deep Elf Conjurer)            Turns: 4660, Time: 00:23:06

Health: -9/36      AC:  6    Str:  5    XL:     7   Next: 36%
Magic:  18/28      EV: 15    Int: 22    God:
Gold:   203        SH:  0    Dex: 15    Spells: 6 memorised, 1 level left

rFire  . . .     SeeInvis .     h - +0 dagger (venom)
rCold  . . .     Gourm    .     a - +0 robe
rNeg   . . .     Faith    .     (no shield)
rPois  .         Spirit   .     (no helmet)
rElec  .         Reflect  .     j - +0 cloak
rCorr  .         Harm     .     u - +1 pair of gloves
MR     .....     Rnd*Tele +     C - +0 pair of boots
Stlth  ++........               (no amulet)
                                y - ring of magical power
                                p - ring of teleportation (curse)

@: very slightly contaminated
A: no striking features
a: no special abilities


You were on level 6 of the Dungeon.
You were hungry.

You visited 1 branch of the dungeon, and saw 6 of its levels.

You collected 203 gold pieces.

Inventory:

Hand Weapons
 h - a +0 dagger of venom (weapon)
 B - a +2 dagger of electrocution
Armour
 a - a +0 robe (worn)
 j - a +0 cloak (worn)
 u - a +1 pair of gloves (worn)
 C - a +0 pair of boots (worn)
Jewellery
 p - a cursed ring of teleportation (left hand)
 s - an uncursed ring of fire
 y - a ring of magical power (right hand)
Wands
 v - a wand of random effects (21/48)
Scrolls
 d - 2 scrolls of enchant weapon {unknown}
 f - a scroll of magic mapping {unknown}
 g - a scroll of blinking {unknown}
 o - a scroll of fear {unknown}
 q - a scroll of immolation {unknown}
 E - a scroll of acquirement {unknown}
 F - a scroll of teleportation {unknown}
Potions
 e - 2 potions of flight {unknown}
 k - 2 potions of haste
 l - a potion of agility {unknown}
 m - a potion of heal wounds {unknown}
 n - 2 potions of degeneration {unknown}
 w - a potion of cancellation {unknown}
 x - a potion of magic
 z - a potion of invisibility {unknown}
 A - 2 potions of might {unknown}
Books
 b - a book of Conjurations

   Spells                             Type                      Level
   a - Magic Dart                     Conjuration                  1
   b - Searing Ray                    Conjuration                  2
   c - Dazzling Spray                 Conjuration/Hexes            3
   d - Fulminant Prism                Conjuration/Hexes            4
   e - Iskenderun's Mystic Blast      Conjuration                  4
   f - Iskenderun's Battlesphere      Conjuration/Charms           5
Comestibles
 c - 4 bread rations
 i - 3 beef jerkies
 r - a slice of pizza
 t - 3 meat rations
 D - a chunk of flesh


   Skills:
 + Level 4.6 Dodging
 - Level 2.4 Stealth
 * Level 7.0 Spellcasting
 + Level 6.0 Conjurations
 - Level 5.1 Hexes
 * Level 0.0 Charms


You had one spell level left.
You knew the following spells:

 Your Spells              Type           Power        Failure   Level  Hunger
a - Magic Dart            Conj           ####         1%          1    None
c - Iskenderun's Mystic   Conj           ####....     10%         4    ###....
d - Dazzling Spray        Conj/Hex       ####..       2%          3    None
q - Iskenderun's Battles  Conj/Chrm      ###.....     75%         5    #####..
s - Searing Ray           Conj           ####..       1%          2    None
x - Fulminant Prism       Conj/Hex       ####......   12%         4    ###....


Dungeon Overview and Level Annotations

Branches:
Dungeon (6/15)
 Temple: D:4-7

Altars:
Dithmenos
Fedhas
Makhleb
Nemelex Xobeh
Okawaru
Zin

Annotations:
D:5 Pikel


Message History

Press: ? - help, Shift-Dir - straight line, f/p - ice beast
Aim: an ice beast (severely wounded)
The magic dart hits the ice beast.
The ice beast is severely wounded.
The ice beast hits you. The ice beast freezes you!
* * * LOW HITPOINT WARNING * * *
Sorry, you're not good enough to have a special ability.
It was a potion of magic.
Magic courses through your body.
The ice beast hits you but does no damage.
Casting: Magic Dart
Confirm with . or Enter, or press ? or * to list all spells.
Aiming: Iskenderun's Mystic Blast
Press: ? - help, Shift-Dir - straight line, f/p - ice beast
Aim: an ice beast (severely wounded)
The orb of energy hits the ice beast.
The ice beast is almost dead.
The orb of energy explodes!
The ice beast hits you.
* * * LOW HITPOINT WARNING * * *
The ice beast freezes you!
You die...

#### $..+
..$# ...
..# .
##..##...
#........
#@.......
#.Y###[##
#..# ....
....+
#.%..#
###.## ##


You could see an ice beast.

Vanquished Creatures
  3 slaves (D:5)
  2 ogres (D:4)
  A bullfrog (D:4)
  A hound (D:4)
  2 orc wizards
  An orc priest (D:3)
  A centaur skeleton (D:4)
  A jelly (D:5)
  2 iguanas (D:4)
  2 worker ants
  Terence (D:3)
  A hound skeleton (D:5)
  A gnoll (D:1)
  2 adders
  A shadow imp (D:3)
  2 oozes
  3 worms
  3 leopard geckos
  13 orcs
  6 giant cockroaches
  4 hobgoblins
  3 jackals (D:4)
  11 kobolds
  4 quokkas
  2 ball pythons
  5 bats
  2 frilled lizards
  9 goblins
  A leopard gecko skeleton (D:4)
  A quokka skeleton (D:4)
  5 rats
96 creatures vanquished.

Vanquished Creatures (others)
  4 fulminant prisms (D:5)
4 creatures vanquished.

Grand Total: 100 creatures vanquished

Notes
Turn   | Place    | Note
-------+----------+-------------------------------------------
     0 | D:1      | snowfan the Deep Elf Conjurer began the quest for the Orb.
     0 | D:1      | Reached XP level 1. HP: 10/10 MP: 6/6
   361 | D:1      | Reached XP level 2. HP: 15/15 MP: 5/8
   505 | D:1      | Found an iron altar of Okawaru.
   800 | D:1      | Reached skill level 4 in Spellcasting
   946 | D:2      | Reached XP level 3. HP: 19/19 MP: 7/10
   951 | D:2      | Learned a level 3 spell: Dazzling Spray
  1270 | D:2      | Reached skill level 1 in Hexes
  1557 | D:2      | Reached XP level 4. HP: 24/24 MP: 8/12
  1788 | D:3      | Found a blossoming altar of Fedhas.
  1958 | D:3      | Learned a level 2 spell: Searing Ray
  2230 | D:4      | Noticed an ogre
  2263 | D:3      | Found a burning altar of Makhleb.
  2264 | D:3      | Noticed an Executioner
  2265 | D:3      | Found a glowing silver altar of Zin.
  2266 | D:3      | Noticed an angel
  2330 | D:3      | Reached skill level 5 in Conjurations
  2335 | D:3      | Reached skill level 5 in Spellcasting
  2636 | D:3      | Noticed Terence
  2661 | D:3      | Killed Terence
  2661 | D:3      | Reached XP level 5. HP: 22/28 MP: 1/14
  2848 | D:4      | Noticed an ogre
  3137 | D:4      | Killed an ogre
  3148 | D:4      | Learned a level 4 spell: Iskenderun's Mystic Blast
  3153 | D:4      | Learned a level 4 spell: Fulminant Prism
  3288 | D:3      | Reached XP level 6. HP: 16/32 MP: 8/16
  3511 | D:4      | Found a shadowy altar of Dithmenos.
  3701 | D:4      | Reached skill level 6 in Spellcasting
  3818 | D:4      | Found a sparkling altar of Nemelex Xobeh.
  4122 | D:4      | Reached XP level 7. HP: 36/36 MP: 18/19
  4427 | D:5      | Entered Level 5 of the Dungeon
  4441 | D:5      | Reached skill level 5 in Hexes
  4584 | D:5      | Reached skill level 7 in Spellcasting
  4591 | D:5      | Learned a level 5 spell: Iskenderun's Battlesphere
  4631 | D:5      | Noticed Pikel
  4660 | D:6      | Mangled by an ice beast

Skill      XL: |  1  2  3  4  5  6  7 |
---------------+----------------------+-----
Spellcasting   | 4 5 6 7 |  7.0
Dodging        | 3 4 |  4.6
Hexes          | 1 2 3 4 5 |  5.1
Conjurations   | 5 6 |  6.0
Stealth        | |  2.4

Action                   |  1- 3 |  4- 6 |  7- 9 || total
-------------------------+-------+-------+-------++-------
Melee: Dagger            |    13 |    20 |     2 ||    35
 Cast: Magic Dart        |    88 |   116 |    23 ||   227
       Searing Ray       |       |     7 |       ||     7
       Dazzling Spray    |       |    14 |     2 ||    16
       Iskenderun's Myst |       |     7 |     6 ||    13
       Fulminant Prism   |       |       |     4 ||     4
  Use: Potion            |       |     1 |     1 ||     2
 Stab: Sleeping          |     1 |       |       ||     1
       Invisible         |       |     1 |       ||     1
  Eat: Chunk             |     2 |     9 |     2 ||    13
Armor: Robe              |     1 |     8 |     2 ||    11
Dodge: Dodged            |    12 |    38 |     4 ||    54
